 Dungeon Crawl Stone Soup version 0.29.1-15-g9cfb28693d (webtiles) character file.

Game seed: 11452186516147650320

115 voltaire321 the Ducker (level 5, 41/41 HPs)
             Began as a Merfolk Gladiator on Jan 28, 2023.
             Was an Elder of Jiyva.
             Quit the game on level 4 of the Dungeon on Apr 27, 2023.
             The game lasted 00:24:16 (2537 turns).

voltaire321 the Ducker (Merfolk Gladiator)          Turns: 2537, Time: 00:24:17

Health: 41/41      AC:  4    Str: 14    XL:     5   Next: 0%
Magic:  5/5        EV: 13    Int:  7    God:    Jiyva [****..]
Gold:   97         SH:  4    Dex: 18    Spells: 4/4 levels left

rFire   . . .      SeeInvis .   a - +0 trident
rCold   . . .      Faith    .   k - +0 buckler
rNeg    . . .      Spirit   .   b - +0 leather armour
rPois   .          Reflect  .   c - +0 helmet
rElec   .          Harm     .   (no cloak)
rCorr   +          Rampage  .   (no gloves)
Will    .....                   (no boots)
Stlth   +.........              (no amulet)
HPRegen 1.41/turn               (no ring)
MPRegen 0.49/turn               (no ring)

@: no status effects
A: (nimble swimmer 2), mertail, fangs 2, tendrils, engulf
a: Renounce Religion, Oozemancy, Slimify


You were on level 4 of the Dungeon.
You worshipped Jiyva.
Jiyva was greatly pleased with you.
You visited 1 branch of the dungeon, and saw 4 of its levels.

You collected 97 gold pieces.

Inventory:

Hand Weapons
 a - a +0 trident (weapon)
Missiles
 d - 3 throwing nets
 e - a javelin
 g - 6 curare-tipped darts (quivered)
Armour
 b - a +0 leather armour (worn)
 c - a +0 helmet (worn)
 k - a +0 buckler (worn)
Scrolls
 f - a scroll of magic mapping {unknown}
 i - a scroll of teleportation {unknown}
Potions
 h - 2 potions of flight {unknown}
 j - a potion of attraction {unknown}
 l - a potion of berserk rage {unknown}


   Skills:
 + Level 3.2 Fighting
 + Level 4.9 Polearms
 + Level 2.8 Throwing
 + Level 4.9 Dodging
 + Level 1.1 Shields


You had 4 spell levels left.
You didn't know any spells.
Your spell library contained the following spells:

 Spells                   Type           Power      Damage    Failure   Level
 Inner Flame              Hex/Fire       0%         N/A       93%         3
 Stone Arrow              Conj/Erth      0%         3d7       93%         3
 Animate Armour           Summ/Erth      0%         N/A       100%        4
 Cause Fear               Hex            0%         N/A       100%        4
 Discord                  Hex            0%         N/A       100%        8
 Lehudib's Crystal Spear  Conj/Erth      0%         10d2      100%        8


Dungeon Overview and Level Annotations

Branches:
Dungeon (4/15)
 Temple: D:4-7

Altars:
Jiyva


Innate Abilities, Weirdness & Mutations

((You are very nimble when in or above water. (Stealth+, EV+, Speed+++)))
Your lower body shifts to a powerful aquatic tail in water.
You have extremely sharp teeth.
You are covered in slimy tendrils that may disarm your opponents.
Your melee attacks may engulf your foes in ooze.


Message History

You reach to attack!
You barely miss the goblin.
The goblin shoots a sling bullet.
The sling bullet misses you.
The goblin unwields a +0 sling.
The goblin wields a +0 club.
The goblin hits you with a +0 club.
Your tendrils lash around the goblin's +0 club and pull it to the ground!
You see here a +0 club.
You puncture the goblin!
You kill the goblin!
You have reached level 5!
You feel agile.
Things that are here:
a +0 sling; a goblin corpse Jiyva says: Divide and consume!
You hear a distant slurping noise.
You hear a distant slurping noise.
You now have 88 gold pieces (gained 1).
You pick up a book of Hexes and begin reading...
You add the spells Inner Flame, Cause Fear and Discord to your library.
You hear a distant slurping noise.
You now have 97 gold pieces (gained 9).
Found a stone staircase leading down.
You hear a distant slurping noise.
There is a stone staircase leading down here.
You hear a distant slurping noise.
Found a stone staircase leading up.
There is a stone staircase leading up here.
You hear a distant slurping noise.
You can now turn your foes to slime.
There is a stone staircase leading up here.
You swap places.
You swap places.
Done exploring.
Done exploring.
There is a stone staircase leading down here.
You climb downwards.
There is a stone staircase leading up here.
Welcome back, voltaire321 the Merfolk Gladiator.
Slime for the Slime God!
Press ? for a list of commands and other information.
Are you sure you want to abandon this character and quit the game? (Confirm with "yes".)

#.#
##..#
##...#
#....#
##...w#
#.....#
#....#
#@..#
#...#
#####


You could see a worm.

Vanquished Creatures
  A scorpion (D:3)
  A gnoll (D:1)
  An adder (D:3)
  5 bats
  An endoplasm (D:1)
  A giant cockroach (D:2)
  2 goblins
  7 hobgoblins
  2 jackals (D:1)
  6 kobolds
  2 quokkas
  4 ball pythons
  A frilled lizard (D:3)
  A rat (D:2)
35 creatures vanquished.

Vanquished Creatures (others)
  A dart slug (D:2)
  A goblin (D:2)
  A hobgoblin (D:2)
  2 quokkas
  A bat (D:2)
  2 frilled lizards (D:2)
  A kobold (D:2)
  A rat (D:2)
  24 plants (D:2)
34 creatures vanquished.

Grand Total: 69 creatures vanquished

Notes
Turn   | Place    | Note
-------+----------+-------------------------------------------
     0 | D:1      | voltaire321 the Merfolk Gladiator began the quest for the
                  | Orb.
     0 | D:1      | Reached XP level 1. HP: 16/16 MP: 1/1
   140 | D:1      | Reached XP level 2. HP: 9/23 MP: 2/2
   624 | D:1      | Reached XP level 3. HP: 28/28 MP: 3/3
   970 | D:1      | Found a faded altar of an unknown god.
  1157 | D:1      | Prayed at the altar of an unknown god.
  1157 | D:1      | Became a worshipper of Jiyva Jyzeasom the Shapeless
  1157 | D:1      | Reached * piety under Jiyva
  1288 | D:2      | Reached ** piety under Jiyva
  1822 | D:2      | Reached *** piety under Jiyva
  2000 | D:3      | Gained mutation: You are covered in slimy tendrils that may
                  | disarm your opponents. [Jiyva's grace]
  2000 | D:3      | Gained mutation: Your melee attacks may engulf your foes in
                  | ooze. [Jiyva's grace]
  2000 | D:3      | Gained mutation: You have very sharp teeth. [Jiyva's grace]
  2000 | D:3      | Gained mutation: You have extremely sharp teeth. [Jiyva's
                  | grace]
  2196 | D:3      | Noticed a scorpion
  2207 | D:3      | Killed a scorpion
  2208 | D:3      | Reached skill level 1 in Shields
  2208 | D:3      | Reached XP level 4. HP: 35/35 MP: 4/4
  2258 | D:3      | Reached XP level 5. HP: 37/41 MP: 5/5
  2408 | D:3      | Reached **** piety under Jiyva
  2537 | D:4      | Upgraded the game from 0.29.1-13-g9f3cf754e1 to
                  | 0.29.1-15-g9cfb28693d
  2537 | D:4      | Quit the game

Illustrated notes

Levels and vault maps discovered:
D:1:      giann_wishing_wells, layout_loops_cross,
          chequers_ecumenical_altar_simple_redux, minmay_tetromino_o2
D:2:      layout_basic, minivault_14, serial_bayou_lake_a
D:3:      layout_loops_cross
D:4:      layout_cave_pods, minmay_temple_entry_proselytizer, uniq_duvessa,
          uniq_edmund

Skill      XL: |  1  2  3 |
---------------+----------+-----
Fighting       | 3 |  3.2
Shields        | 1 |  1.1
Polearms       | |  4.9
Throwing       | |  2.8
Dodging        | |  4.9

Action                   |  1- 3 |  4- 6 || total
-------------------------+-------+-------++-------
Melee: Trident           |   127 |     2 ||   129
       Bite              |     2 |       ||     2
       Punch             |     1 |       ||     1
  Use: Potion            |     1 |       ||     1
 Stab: Sleeping          |     1 |       ||     1
Armor: Leather armour    |    37 |     1 ||    38
Dodge: Dodged            |    94 |     2 ||    96
Block: Buckler           |    10 |       ||    10
